HSSL
BILLINGS WEST HS GOLDEN BEARS @ SPANISH FORK HS
05/21/2024
 
TOP OF THE 1ST
Billings West HS Golden Bears batting - Pitching for Spanish Fork HS : RHP Patrick Curtis
Pitching: RHP Patrick Curtis
Batting: RHB Dennis Garner 0-0: Ball
1-0: SINGLE (Flyball, 9LS)
Batting: RHB Spike Kennedy 0-0: Ball
1-0: Called Strike
Dennis Garner steals 2nd base
1-1: Swinging Strike
1-2: Strikes out looking
Batting: RHB Cole Boehmer 0-0: Ball
Wild Pitch!
Dennis Garner to third
1-0: Ball
2-0: Foul Ball, location: 2F
2-1: Ball
3-1: SINGLE (Groundball, 5D)
Dennis Garner scores
Batting: LHB Duane Lemay 0-0: Called Strike
0-1: Swinging Strike
0-2: Ball
Cole Boehmer is caught stealing 2nd base
1-2: Strikes out swinging
Top of the 1st over - 1 run(s), 2 hit(s), 0 error(s), 0 left on base; Billings West HS 1 - Spanish Fork HS 0
BOTTOM OF THE 1ST
Spanish Fork HS batting - Pitching for Billings West HS Golden Bears : RHP Jeff Valdés
Pitching: RHP Jeff Valdés
Batting: RHB Ron Newcombe 0-0: Called Strike
0-1: Ball
1-1: Ball
2-1: Foul Ball, location: 2F
2-2: Foul Ball, location: 2F
2-2: Ball
3-2: Foul Ball, location: 2F
3-2: Base on Balls
Batting: RHB Gary Roberts 0-0: Ball
1-0: Swinging Strike
1-1: Ground out 4-3 (Groundball, 13)
Ron Newcombe to second
Batting: RHB Javier Ortíz 0-0: Ball
1-0: Ball
2-0: Ball
3-0: Called Strike
3-1: Base on Balls
Ron Newcombe is caught stealing 3rd base
Batting: RHB Jim Jones 0-0: Ball
1-0: Called Strike
1-1: Called Strike
Javier Ortíz steals 2nd base
1-2: Ball
2-2: Foul Ball, location: 2F
2-2: Foul Ball, location: 2F
2-2: Strikes out swinging
Bottom of the 1st over - 0 run(s), 0 hit(s), 0 error(s), 1 left on base; Billings West HS 1 - Spanish Fork HS 0
TOP OF THE 2ND
Billings West HS Golden Bears batting - Pitching for Spanish Fork HS : RHP Patrick Curtis
Batting: RHB Chris Hall 0-0: Foul Ball, location: 2F
0-1: Ball
1-1: Foul Ball, location: 2F
1-2: Foul Ball, location: 2F
1-2: Fly out, F9 (Flyball, 9S)
Batting: LHB Andrew Holt 0-0: Called Strike
0-1: Ball
1-1: Foul Ball, location: 2F
1-2: Strikes out looking
Batting: RHB Bill Reed 0-0: Ball
1-0: Ball
2-0: Ball
3-0: Base on Balls
Batting: SHB Ray O'Dell 0-0: Ball
1-0: Ball
2-0: Ball
3-0: Base on Balls
Bill Reed to second
Batting: RHB Jason Nava 0-0: SINGLE (Groundball, 56)
Bill Reed to third
Ray O'Dell to second
Runner from 3rd tries for Home, SAFE, no throw or cutoff
Batting: RHB Dennis Garner 0-0: Ball
1-0: Ball
2-0: Foul Ball, location: 2F
2-1: Ball
3-1: Foul Ball, location: 2F
3-2: Base on Balls
Ray O'Dell to third
Jason Nava to second
Batting: RHB Spike Kennedy 0-0: Called Strike
0-1: Called Strike
0-2: Strikes out looking
Top of the 2nd over - 1 run(s), 1 hit(s), 0 error(s), 3 left on base; Billings West HS 2 - Spanish Fork HS 0
BOTTOM OF THE 2ND
Spanish Fork HS batting - Pitching for Billings West HS Golden Bears : RHP Jeff Valdés
Batting: RHB Steve Meyers 0-0: Foul Ball, location: 2F
0-1: Called Strike
0-2: Strikes out swinging
Batting: RHB Ray Hernández 0-0: Ground out 4-3 (Groundball, 4)
Batting: LHB Mal Jiménez 0-0: DOUBLE (Line Drive, 89S)
Batting: RHB Mike Holloway 0-0: Called Strike
0-1: Ball
1-1: Foul Ball, location: 2F
1-2: Ball
2-2: Foul Ball, location: 2F
2-2: Strikes out swinging
Bottom of the 2nd over - 0 run(s), 1 hit(s), 0 error(s), 1 left on base; Billings West HS 2 - Spanish Fork HS 0
TOP OF THE 3RD
Billings West HS Golden Bears batting - Pitching for Spanish Fork HS : RHP Patrick Curtis
Batting: RHB Cole Boehmer 0-0: Called Strike
0-1: Fly out, F7 (Flyball, 7M)
Batting: LHB Duane Lemay 0-0: Ball
1-0: Ball
2-0: Foul Ball, location: 2F
2-1: Called Strike
2-2: SOLO HOME RUN (Flyball, 9D), Distance : 386 ft
Batting: RHB Chris Hall 0-0: Ball
1-0: Called Strike
1-1: Swinging Strike
1-2: Ball
2-2: Ball
3-2: Strikes out swinging
Batting: LHB Andrew Holt 0-0: Foul Ball, location: 2F
0-1: SINGLE (Groundball, 4MD)
Batting: RHB Bill Reed 0-0: Ball
1-0: Ball
2-0: Fly out, F8 (Flyball, 8LD)
Top of the 3rd over - 1 run(s), 2 hit(s), 0 error(s), 1 left on base; Billings West HS 3 - Spanish Fork HS 0
BOTTOM OF THE 3RD
Spanish Fork HS batting - Pitching for Billings West HS Golden Bears : RHP Jeff Valdés
Batting: RHB Peter Jones 0-0: Called Strike
0-1: Fly out, F9 (Flyball, 89M)
Batting: RHB Ron Newcombe 0-0: Called Strike
0-1: Foul Ball, location: 2F
0-2: Strikes out looking
Batting: RHB Gary Roberts 0-0: Called Strike
0-1: Bunt missed!
0-2: Ball
1-2: SINGLE (Groundball, 25) (infield hit)
Batting: RHB Javier Ortíz 0-0: Ball
1-0: Called Strike
1-1: Called Strike
1-2: Ball
2-2: Ball
3-2: Strikes out looking
Bottom of the 3rd over - 0 run(s), 1 hit(s), 0 error(s), 1 left on base; Billings West HS 3 - Spanish Fork HS 0
TOP OF THE 4TH
Billings West HS Golden Bears batting - Pitching for Spanish Fork HS : RHP Patrick Curtis
Batting: SHB Ray O'Dell 0-0: Fly out, F8 (Flyball, 8RM)
Batting: RHB Jason Nava 0-0: Ball
1-0: Called Strike
1-1: Ball
2-1: Ball
3-1: Base on Balls
Batting: RHB Dennis Garner 0-0: Ball
Jason Nava steals 2nd base
1-0: Foul Ball, location: 2F
1-1: Foul Ball, location: 2F
1-2: Foul Ball, location: 2F
1-2: Foul Ball, location: 2F
1-2: Foul Ball, location: 2F
1-2: Ball
2-2: Ball
3-2: Ground out 6-3 (Groundball, 6M)
Jason Nava to third
Batting: RHB Spike Kennedy 0-0: Called Strike
0-1: Swinging Strike
0-2: Strikes out swinging
Top of the 4th over - 0 run(s), 0 hit(s), 0 error(s), 1 left on base; Billings West HS 3 - Spanish Fork HS 0
BOTTOM OF THE 4TH
Spanish Fork HS batting - Pitching for Billings West HS Golden Bears : RHP Jeff Valdés
Batting: RHB Jim Jones 0-0: Swinging Strike
0-1: Ball
1-1: Ground out 5-3 (Groundball, 5)
Batting: RHB Steve Meyers 0-0: Ball
1-0: Called Strike
1-1: Swinging Strike
1-2: SINGLE (Line Drive, 9LS)
Batting: RHB Ray Hernández 0-0: Swinging Strike
0-1: Ball
1-1: Ball
2-1: Ball
3-1: Called Strike
3-2: Foul Ball, location: 2F
3-2: Strikes out swinging
Steve Meyers steals 2nd base
Batter strikes out.
Batting: LHB Mal Jiménez 0-0: Ball
1-0: Called Strike
1-1: Called Strike
1-2: Strikes out swinging
Bottom of the 4th over - 0 run(s), 1 hit(s), 0 error(s), 1 left on base; Billings West HS 3 - Spanish Fork HS 0
TOP OF THE 5TH
Billings West HS Golden Bears batting - Pitching for Spanish Fork HS : RHP Patrick Curtis
Batting: RHB Cole Boehmer 0-0: Foul Ball, location: 2F
0-1: Ball
1-1: Swinging Strike
1-2: Ball
2-2: Ball
3-2: Foul Ball, location: 2F
3-2: Base on Balls
Pitching: LHP Franklin O'Morchoe
Batting: LHB Duane Lemay 0-0: Called Strike
0-1: Called Strike
Pickoff Throw to First - Out!
0-2: Ball
1-2: Strikes out swinging
Batting: RHB Chris Hall 0-0: Ball
1-0: Swinging Strike
1-1: Swinging Strike
1-2: Strikes out swinging
Top of the 5th over - 0 run(s), 0 hit(s), 0 error(s), 0 left on base; Billings West HS 3 - Spanish Fork HS 0
BOTTOM OF THE 5TH
Spanish Fork HS batting - Pitching for Billings West HS Golden Bears : RHP Jeff Valdés
Batting: RHB Mike Holloway 0-0: Foul Ball, location: 2F
0-1: Swinging Strike
0-2: Foul Ball, location: 2F
0-2: Ball
1-2: Ball
2-2: Ball
3-2: Strikes out swinging
Batting: RHB Peter Jones 0-0: Called Strike
0-1: Ball
1-1: Fly out, F7 (Flyball, 78S)
Batting: RHB Ron Newcombe 0-0: Bunt missed!
0-1: Fly out, F4 (Popup, 4MD)
Bottom of the 5th over - 0 run(s), 0 hit(s), 0 error(s), 0 left on base; Billings West HS 3 - Spanish Fork HS 0
TOP OF THE 6TH
Billings West HS Golden Bears batting - Pitching for Spanish Fork HS : LHP Franklin O'Morchoe
Batting: LHB Andrew Holt 0-0: Ball
1-0: Ground out 4-3 (Groundball, 4)
Batting: RHB Bill Reed 0-0: Foul Ball, location: 2F
0-1: Foul Ball, location: 2F
0-2: Strikes out swinging
Batting: SHB Ray O'Dell 0-0: Swinging Strike
0-1: Ball
1-1: Ball
2-1: Ball
3-1: Foul Ball, location: 2F
3-2: Base on Balls
Batting: RHB Jason Nava 0-0: Swinging Strike
0-1: Foul Ball, location: 2F
0-2: Fly out, F9 (Line Drive, 9M)
Top of the 6th over - 0 run(s), 0 hit(s), 0 error(s), 1 left on base; Billings West HS 3 - Spanish Fork HS 0
BOTTOM OF THE 6TH
Spanish Fork HS batting - Pitching for Billings West HS Golden Bears : RHP Jeff Valdés
Batting: RHB Gary Roberts 0-0: Ball
1-0: Ball
2-0: Foul Ball, location: 2F
2-1: Bunted foul
2-2: Ball
3-2: Ground out U3 (Groundball, 3S)
Pitching: RHP Lyle Scalise
Batting: RHB Javier Ortíz 0-0: Called Strike
0-1: Called Strike
0-2: Strikes out swinging
Batting: RHB Jim Jones 0-0: Ball
1-0: Foul Ball, location: 2F
1-1: Foul Ball, location: 2F
1-2: Ball
2-2: Ball
3-2: SINGLE (Line Drive, 4MD)
Batting: RHB Steve Meyers 0-0: Ball
1-0: Ground out 6-3 (Groundball, 6)
Bottom of the 6th over - 0 run(s), 1 hit(s), 0 error(s), 1 left on base; Billings West HS 3 - Spanish Fork HS 0
TOP OF THE 7TH
Billings West HS Golden Bears batting - Pitching for Spanish Fork HS : LHP Franklin O'Morchoe
Pitching: RHP Chad Swanson
Batting: RHB Dennis Garner 0-0: Ball
1-0: Ball
2-0: Ball
3-0: Base on Balls
Batting: RHB Spike Kennedy 0-0: Ball
1-0: Bunted foul
1-1: Bunted foul
1-2: Foul Ball, location: 2F
1-2: SINGLE (Flyball, 78M)
Dennis Garner to second
Batting: RHB Cole Boehmer 0-0: Foul Ball, location: 2F
0-1: Ball
1-1: Swinging Strike
1-2: Strikes out swinging
Batting: LHB Duane Lemay 0-0: Called Strike
0-1: Ball
1-1: Foul Ball, location: 2F
1-2: TRIPLE (Groundball, 3L)
Dennis Garner scores
Spike Kennedy scores
Batting: RHB Chris Hall 0-0: Ball
1-0: Ball
2-0: Called Strike
2-1: Foul Ball, location: 2F
2-2: Reached on Error, E6 (Popup, 56D)
Duane Lemay scores
Batting: LHB Andrew Holt 0-0: Ball
1-0: Called Strike
1-1: Ball
2-1: Foul Ball, location: 2F
2-2: Ball
3-2: SINGLE (Line Drive, 6MD)
Chris Hall to second
Batting: RHB Bill Reed 0-0: Foul Ball, location: 2F
0-1: 3-RUN HOME RUN (Flyball, 7LD), Distance : 339 ft
Pitching: RHP Samuel Simmons
Batting: SHB Ray O'Dell 0-0: Called Strike
0-1: Ball
1-1: Ball
2-1: Called Strike
2-2: Ball
3-2: Foul Ball, location: 2F
3-2: Fly out, F7 (Flyball, 7M)
Batting: RHB Jason Nava 0-0: Ball
1-0: Ball
2-0: Ball
3-0: Swinging Strike
3-1: Foul Ball, location: 2F
3-2: Strikes out looking
Top of the 7th over - 6 run(s), 4 hit(s), 1 error(s), 0 left on base; Billings West HS 9 - Spanish Fork HS 0
BOTTOM OF THE 7TH
Spanish Fork HS batting - Pitching for Billings West HS Golden Bears : RHP Lyle Scalise
Batting: RHB Ray Hernández 0-0: Ball
1-0: Foul Ball, location: 2F
1-1: Called Strike
1-2: Reached on error, E6 (Groundball, 6M)
Batting: LHB Mal Jiménez 0-0: Called Strike
0-1: Swinging Strike
0-2: Strikes out swinging
Batting: RHB Mike Holloway 0-0: Called Strike
0-1: Ball
1-1: Called Strike
1-2: Ball
2-2: Strikes out swinging
Batting: RHB Peter Jones 0-0: Called Strike
0-1: Ball
1-1: Ball
Single, Error in OF, E7, batter to second base
Ray Hernández to third
Batting: RHB Ron Newcombe 0-0: Ball
1-0: Called Strike
1-1: Ball
2-1: Foul Ball, location: 2F
2-2: Strikes out looking
Bottom of the 7th over - 0 run(s), 1 hit(s), 2 error(s), 2 left on base; Billings West HS 9 - Spanish Fork HS 0
TOP OF THE 8TH
Billings West HS Golden Bears batting - Pitching for Spanish Fork HS : RHP Samuel Simmons
Batting: RHB Dennis Garner 0-0: Called Strike
0-1: Hit by Pitch
Batting: RHB Spike Kennedy 0-0: Bunted foul
0-1: Bunted foul
0-2: Ball
1-2: Ball
2-2: Ball
3-2: SINGLE (Groundball, 56D)
Dennis Garner to second
Batting: RHB Cole Boehmer 0-0: Called Strike
0-1: Called Strike
0-2: Ball
1-2: Ball
2-2: Ball
3-2: Base on Balls
Dennis Garner to third
Spike Kennedy to second
Batting: LHB Duane Lemay 0-0: Ball
1-0: Fly out, F6 (Popup, 6MD)
Batting: RHB Chris Hall 0-0: Ball
1-0: Foul Ball, location: 2F
1-1: Called Strike
1-2: Ball
2-2: Fly out, F8 (Popup, 6MD)
Batting: LHB Andrew Holt 0-0: Called Strike
0-1: SINGLE (Flyball, 8LS)
Dennis Garner scores
Spike Kennedy to third
Cole Boehmer to second
Runner from 3rd tries for Home, SAFE, no throw or cutoff
Batting: RHB Bill Reed 0-0: Called Strike
0-1: Ball
1-1: Foul Ball, location: 2F
1-2: Ball
2-2: Foul Ball, location: 2F
2-2: Strikes out swinging
Top of the 8th over - 2 run(s), 2 hit(s), 0 error(s), 2 left on base; Billings West HS 11 - Spanish Fork HS 0
BOTTOM OF THE 8TH
Spanish Fork HS batting - Pitching for Billings West HS Golden Bears : RHP Lyle Scalise
Batting: RHB Gary Roberts 0-0: Ball
1-0: Bunt for hit - play at first, batter OUT! 1-3
Pitching: RHP Scott Roe
Batting: RHB Javier Ortíz 0-0: Ball
1-0: Ball
2-0: Foul Ball, location: 2F
2-1: Ball
3-1: Called Strike
3-2: Fly out, F7 (Flyball, 78S)
Batting: RHB Jim Jones 0-0: Ball
1-0: SINGLE (Line Drive, 78S)
Batting: RHB Steve Meyers 0-0: Ball
1-0: Ball
2-0: Ball
3-0: Base on Balls
Jim Jones to second
Batting: RHB Ray Hernández 0-0: Ball
1-0: Foul Ball, location: 2F
1-1: Ball
2-1: Foul Ball, location: 2F
2-2: Ball
3-2: Base on Balls
Jim Jones to third
Steve Meyers to second
Batting: LHB Mal Jiménez 0-0: Ball
1-0: Called Strike
1-1: Ball
2-1: Called Strike
2-2: Fly out, F7 (Flyball, 7M)
Bottom of the 8th over - 0 run(s), 1 hit(s), 0 error(s), 3 left on base; Billings West HS 11 - Spanish Fork HS 0
TOP OF THE 9TH
Billings West HS Golden Bears batting - Pitching for Spanish Fork HS : RHP Samuel Simmons
Pitching: RHP Paul Turberville
Batting: SHB Ray O'Dell 0-0: Ball
1-0: Swinging Strike
1-1: Swinging Strike
1-2: Ball
2-2: Strikes out swinging
Batting: RHB Jason Nava 0-0: Ball
1-0: Ball
2-0: Ball
3-0: Called Strike
3-1: Called Strike
3-2: Strikes out looking
Batting: RHB Dennis Garner 0-0: Ball
1-0: Ball
2-0: Called Strike
2-1: Foul Ball, location: 2F
2-2: Ball
3-2: Strikes out looking
Top of the 9th over - 0 run(s), 0 hit(s), 0 error(s), 0 left on base; Billings West HS 11 - Spanish Fork HS 0
BOTTOM OF THE 9TH
Spanish Fork HS batting - Pitching for Billings West HS Golden Bears : RHP Scott Roe
Batting: RHB Mike Holloway 0-0: Ball
1-0: Ball
2-0: Called Strike
2-1: Foul Ball, location: 2F
2-2: Ball
3-2: Base on Balls
Batting: RHB Peter Jones 0-0: Foul Ball, location: 2F
0-1: Ball
1-1: SINGLE (Flyball, 9LS)
Mike Holloway to second
Throwing error, E9
Mike Holloway scores
Peter Jones to second
Batting: RHB Ron Newcombe 0-0: Ball
1-0: Fly out, F9 (Popup, 89S)
Batting: RHB Gary Roberts 0-0: Ball
1-0: Foul Ball, location: 2F
1-1: Foul Ball, location: 2F
1-2: Ball
2-2: Ball
3-2: Base on Balls
Batting: RHB Javier Ortíz 0-0: Swinging Strike
0-1: Ball
1-1: Foul Ball, location: 2F
1-2: Strikes out swinging
Batting: RHB Jim Jones 0-0: Ball
1-0: Foul Ball, location: 2F
1-1: DOUBLE (Flyball, 9D)
Peter Jones scores
Gary Roberts to third
Runner from 3rd tries for Home, SAFE, no throw or cutoff
Batting: RHB Steve Meyers 0-0: Fly out, F9 (Flyball, 89M)
Bottom of the 9th over - 3 run(s), 2 hit(s), 1 error(s), 1 left on base; Billings West HS 11 - Spanish Fork HS 3
This league is powered by Out of the Park Baseball, the baseball management simulation game for PC, Mac and Linux
Saturday, April 9th, 2016 - OOTP Baseball 16.8 Build 38